 Dungeon Crawl Stone Soup version 0.31.0-11-ge490571c62 (webtiles) character file.

Game seed: 12929516448773418488

3034 ezpacito the Cleaver (level 9, -2/69 HPs)
             Began as a Demonspawn Berserker on Jan 30, 2024.
             Was an Elder of Trog.
             Killed from afar by a kobold brigand (8 damage)
             ... with a bolt of light
             ... on level 7 of the Dungeon.
             The game lasted 00:12:52 (7193 turns).

ezpacito the Cleaver (Demonspawn Berserker)         Turns: 7193, Time: 00:12:53

Health: -2/69      AC: 17    Str: 20    XL:     9   Next: 56%
Magic:  9/9        EV: 15    Int:  7    God:    Trog [****..]
Gold:   120        SH:  0    Dex: 15    Spells: 8/8 levels left

rFire   . . .        x - +0 war axe
rCold   . . .        d - orb {*Rage}
rNeg    . . .        I - +0 chain mail
rPois   .            r - +0 helmet
rElec   .            (no cloak)
rCorr   +            (no gloves)
SInv    .            k - +1 pair of boots {Stlth+}
Will    .....        (no amulet)
Stlth   +            f - ring of resist corrosion
HPRegen 0.31/turn    h - +4 ring of protection
MPRegen 0.11/turn

%: random rage (20%)
@: agile, on berserk cooldown, slowed, very slow
A: demonic guardian 1, powered by pain 2
a: Renounce Religion, Berserk, Trog's Hand, Brothers in Arms


You were on level 7 of the Dungeon.
You worshipped Trog.
Trog was greatly pleased with you.
You visited 1 branch of the dungeon, and saw 7 of its levels.
You also visited: Sewer.

You collected 289 gold pieces.
You spent 169 gold pieces at shops.

Inventory:

Hand Weapons
 o - a +5 battleaxe
 x - a +0 war axe (weapon)
 F - a +2 dagger of draining
 G - a +3 dagger
Missiles
 c - a curare-tipped dart
 e - 43 stones (quivered)
 s - 8 boomerangs
 w - 2 throwing nets
 z - 22 poisoned darts
Armour
 d - an orb of wrath (worn)
 k - a +1 pair of boots of stealth (worn)
 r - a +0 helmet (worn)
 I - a +0 chain mail (worn)
Jewellery
 a - a ring of fire
 f - a ring of resist corrosion (left hand)
 h - a +4 ring of protection (right hand)
 v - a ring of protection from cold
Talismans
 n - a flux talisman
 t - a flux talisman
Wands
 m - a wand of light (2)
 H - a wand of mindburst (5)
Scrolls
 b - 2 scrolls of butterflies
 i - a scroll of poison
 j - 2 scrolls of silence
 q - a scroll of fog
 y - 2 scrolls of teleportation
Potions
 g - 2 potions of berserk rage
 l - 2 potions of lignification
 p - 2 potions of enlightenment
 u - a potion of resistance
 A - 2 potions of magic
 C - a potion of might


   Skills:
 * Level 5.8 Fighting
 * Level 8.4 Axes
 * Level 5.0 Armour
 * Level 4.0 Dodging
 * Level 4.0 Stealth
 * Level 3.4 Unarmed Combat


You had 8 spell levels left.
You didn't know any spells.
Your spell library contained the following spells:

 Spells                   Type           Power      Damage    Failure   Level
 Freeze                   Ice            0%         1d3       97%         1
 Call Imp                 Summ           0%         N/A       99%         2
 Cigotuvi's Dreadful Rot  Necr/Alch/Air  0%         N/A       99%         2
 Static Discharge         Conj/Air       0%         3-3/arc   99%         2
 Sublimation of Blood     Necr           0%         N/A       99%         2
 Dazzling Flash           Conj/Hex       0%         N/A       100%        3
 Frozen Ramparts          Ice            0%         1d1       100%        3
 Hailstorm                Conj/Ice       0%         3d5       100%        3
 Mephitic Cloud           Conj/Alch/Air  0%         N/A       100%        3
 Summon Ice Beast         Ice/Summ       0%         N/A       100%        3
 Airstrike                Air            0%         2d(0-16)  100%        4
 Dispel Undead            Necr           0%         3d6       100%        4
 Leda's Liquefaction      Alch/Erth      0%         N/A       100%        4
 Martyr's Knell           Necr/Summ      0%         N/A       100%        4
 Summon Lightning Spire   Summ/Air       0%         N/A       100%        4
 Curse of Agony           Necr           0%         N/A       100%        5
 Lee's Rapid Deconstruct  Erth           0%         3d4*      100%        5
 Silence                  Hex/Air        0%         N/A       100%        5
 Bombard                  Conj/Erth      0%         9d1       100%        6
 Death Channel            Necr           0%         N/A       100%        6
 Sculpt Simulacrum        Ice/Alch       0%         N/A       100%        6
 Summon Hydra             Summ           0%         N/A       100%        7


Dungeon Overview and Level Annotations

Branches:
Dungeon (7/15)              Sewer (visited)
 Temple: D:4-7

Altars:

Shops:
D:6 !   D:7 =


Innate Abilities, Weirdness & Mutations

A weak demonic guardian rushes to your aid.
You sometimes gain power by taking damage.


Message History

The kobold brigand throws a poisoned dart.
The poisoned dart hits you.
You are poisoned.
The kobold brigand zaps a wand.
The bolt of light hits you but does no damage.
You closely miss your shadow imp.
You feel less confused.
You feel sick.
The kobold brigand zaps a wand.
The bolt of light hits your shadow imp!
Your shadow imp is blinded.
The bolt of light hits you!
* * * LOW HITPOINT WARNING * * *
You swap places.
You feel sick.
The kobold brigand zaps a wand.
The bolt of light hits you!
* * * LOW HITPOINT WARNING * * *
The kobold brigand hits you with a +0 trident.
* * * LOW HITPOINT WARNING * * *
You closely miss the kobold brigand.
You feel sick.
The kobold brigand zaps a wand.
The bolt of light hits you but does no damage.
Unknown command.
You slash the kobold brigand!
The kobold brigand is heavily wounded.
You feel sick.
You are no longer poisoned.
The kobold brigand barely misses you. The kobold brigand misses you.
Unknown command.
Okay, then.
You barely miss the kobold brigand.
The kobold brigand is heavily wounded.
The kobold brigand zaps a wand.
The bolt of light hits you.
* * * LOW HITPOINT WARNING * * *
You slash the kobold brigand!
The kobold brigand is severely wounded.
The kobold brigand barely misses you.
The kobold brigand hits you but does no damage.
You closely miss the kobold brigand.
The kobold brigand is severely wounded.
The kobold brigand zaps a wand.
The bolt of light hits you!
You die...

. .# .#. #. #. .. ...
...
.#.#...#...#...#...#...
....#.#...#)#...#.#....#
#....#...#...#...#.....#
#.....................#
.#..K#...#...#...#....
#..#(#@..#.#...#)#..#.#
....#.5.#...#...#......
.............)..........
.#.#...#...#...#...#...
...#.#...#.#...#.#.....
#....#...#)†)#...#......
#.........†)...........#
#........)#†..#.........
#..#####.#.....#.#.....


You could see a kobold brigand and a friendly shadow imp (summoned, blind).

Vanquished Creatures
  The ghost of MollyMolluskus the Trooper, a novice OpFi of Wu Jian (D:6)
  2 water moccasins (D:7)
  An ice beast (D:6)
  3 black bears
  2 ogres (D:7)
  2 centaurs
  2 kobold brigands (D:7)
  2 brain worms (Sewer)
  A bullfrog (D:6)
  5 scorpions
  A gnoll sergeant (D:7)
  2 wights (D:7)
  3 hounds
  A jelly (D:5)
  An orc priest (D:5)
  9 iguanas
  3 orc wizards
  A sleepcap (D:6)
  Robin (D:3)
  16 adders
  3 river rats (Sewer)
  A shadow imp (D:7)
  A white imp (D:7)
  2 ufetubi (D:6)
  5 ribbon worms
  5 dart slugs
  8 orcs
  12 ball pythons
  A bat (D:1)
  6 endoplasms
  4 giant cockroaches
  12 goblins
  12 hobgoblins
  2 jackals (D:2)
  4 quokkas
  6 frilled lizards
  10 kobolds
  11 rats
164 creatures vanquished.

Vanquished Creatures (collateral kills)
  A sleepcap (D:7)
1 creature vanquished.

Grand Total: 165 creatures vanquished

Notes
Turn   | Place    | Note
-------+----------+-------------------------------------------
     0 | D:1      | ezpacito the Demonspawn Berserker began the quest for the
                  | Orb.
     0 | D:1      | Reached XP level 1. HP: 18/18 MP: 1/1
   397 | D:1      | Gained mutation: A weak demonic guardian rushes to your
                  | aid. [demonic ancestry]
   397 | D:1      | Reached XP level 2. HP: 24/24 MP: 2/2
   498 | D:1      | Reached skill level 3 in Axes
  1096 | D:1      | Reached XP level 3. HP: 29/29 MP: 3/3
  1629 | D:2      | Found a faded altar of an unknown god.
  1631 | D:2      | Reached ** piety under Trog
  1707 | D:2      | Gained mutation: You sometimes gain a little power by
                  | taking damage. [demonic ancestry]
  1707 | D:2      | Reached XP level 4. HP: 35/35 MP: 4/4
  2450 | D:3      | Noticed Robin
  2461 | D:3      | Killed Robin
  2462 | D:3      | Reached skill level 1 in Stealth
  2980 | D:4      | Reached skill level 1 in Unarmed Combat
  2980 | D:4      | Reached XP level 5. HP: 42/42 MP: 5/5
  3245 | D:4      | Noticed a black bear
  3251 | D:4      | Killed a black bear
  3252 | D:4      | Reached skill level 4 in Axes
  3367 | D:4      | Reached XP level 6. HP: 32/48 MP: 6/6
  3547 | D:4      | Reached *** piety under Trog
  4005 | D:5      | Entered Level 5 of the Dungeon
  4122 | D:5      | Reached skill level 5 in Axes
  4214 | D:5      | Gained mutation: You sometimes gain power by taking damage.
                  | [demonic ancestry]
  4214 | D:5      | Reached XP level 7. HP: 54/54 MP: 7/7
  5132 | D:6      | Reached skill level 6 in Axes
  5284 | D:6      | Reached XP level 8. HP: 61/61 MP: 8/8
  5333 | D:6      | Found a glowing drain.
  5337 | Sewer    | Entered a sewer
  5807 | Sewer    | Reached **** piety under Trog
  6205 | D:6      | Found a runed translucent door.
  6233 | D:6      | Noticed MollyMolluskus's ghost (novice OpFi)
  6353 | D:6      | Found Fits's Distillery.
  6452 | D:6      | Reached skill level 5 in Fighting
  6473 | D:6      | Bought a potion of enlightenment for 65 gold pieces
  6473 | D:6      | Bought a potion of curing for 39 gold pieces
  6473 | D:6      | Bought a potion of might for 52 gold pieces
  6473 | D:6      | Bought a potion of degeneration for 13 gold pieces
  6845 | D:6      | Killed MollyMolluskus's ghost
  6846 | D:6      | Reached skill level 7 in Axes
  6846 | D:6      | Reached XP level 9. HP: 35/68 MP: 9/9
  7023 | D:7      | Found Piehori's Jewellery Boutique.
  7107 | D:7      | Reached skill level 8 in Axes
  7138 | D:7      | Reached skill level 5 in Armour
  7193 | D:7      | Killed from afar by a kobold brigand

Illustrated notes

Levels and vault maps discovered:
D:1:      zaba_arrival_water, layout_basic
D:2:      layout_basic, nicolae_ecumenical_oubliette,
          minmay_misc_feat_nine_boxes, hex_intersection
D:3:      layout_basic, uniq_robin
D:4:      layout_cave_pools, hangedman_decor_lopped, kennysheep_potato
D:5:      nicolae_cairo_tiling_large, layout_basic, minmay_misc_feat_enclosed
D:6:      layout_loops_corners, gup_sewer_entry_spiral, ebering_ghost_sewer_d,
          hangedman_abyss_or_decor_stagger, nicolae_inconvenience_store
D:7:      cheibrodos_fzero, layout_basic, minmay_temple_entry_proselytizer,
          nicolae_ossuary_entry_catacombs, serial_shops,
          nicolae_shop_temple_entry_statues_fountains, st_stairs_14,
          serial_bayou_ford_a

Skill      XL: |  1  2  3  4  5  6  7  8  9 |
---------------+----------------------------+-----
Axes           | 3 4 5 6 7 8 |  8.4
Dodging        | 2 3 4 |  4.0
Armour         | 2 3 4 5 |  5.0
Stealth        | 1 2 3 4 |  4.0
Unarmed Combat | 1 2 3 |  3.4
Fighting       | 4 5 |  5.8

Action                     |  1- 3 |  4- 6 |  7- 9 || total
---------------------------+-------+-------+-------++-------
  Melee: Hand axe          |   105 |   170 |       ||   275
         War axe           |       |     4 |   269 ||   273
 Invoke: Berserk           |       |     1 |     2 ||     3
    Use: Scroll            |       |     4 |    11 ||    15
         Potion            |       |       |     8 ||     8
   Stab: Sleeping          |     2 |       |     3 ||     5
         Invisible         |       |       |     1 ||     1
 Armour: Animal skin       |    23 |       |       ||    23
         Ring mail         |    22 |       |       ||    22
         Scale mail        |     1 |   132 |   133 ||   266
         Chain mail        |       |       |   100 ||   100
  Dodge: Dodged            |    59 |    92 |   163 ||   314
